 Dungeon Crawl Stone Soup version 0.22-b1-21-g5cfc168 (webtiles) character file.

4708 tyranidshit the Envoy of Void (level 10, -2/78 (80) HPs)
             Began as a Demonspawn Abyssal Knight on Aug 5, 2018.
             Was a High Priest of Lugonu.
             Slain by a komodo dragon (27 damage)
             ... on level 9 of the Dungeon.
             The game lasted 00:23:18 (8225 turns).

tyranidshit the Envoy of Void (DsAK)                Turns: 8225, Time: 00:23:19

HP:   -2/78 (80)    AC: 14    Str: 18    XL:     10   Next: 22%
MP:   18/18         EV:  5    Int: 14    God:    Lugonu [*****.]
Gold: 482           SH: 14    Dex: 16    Spells: 9/9 levels left

rFire    + . .     SeeInvis .   y - +5 war axe
rCold    . . .     Gourm    .   g - +0 large shield
rNeg     . . .     Faith    .   o - +0 plate armour
rPois    .         Spirit   .   v - +0 helmet
rElec    .         Reflect  .   (no cloak)
rCorr    .         Harm     .   (no gloves)
MR       .....                  c - +0 pair of boots
Stlth    ..........             m - amulet of magic regeneration
HPRegen  0.23/turn              A - +3 ring of evasion
MPRegen  0.41/turn              b - +2 ring of strength

@: no status effects
A: thin skeletal structure 2, fire resistance 1, flame cloud immunity
a: Depart the Abyss, Bend Space, Banish, Corrupt, Enter the Abyss, Renounce
Religion


You were on level 9 of the Dungeon.
You worshipped Lugonu.
Lugonu was extremely pleased with you.
You were not hungry.

You visited 1 branch of the dungeon, and saw 9 of its levels.
You visited the Abyss 1 time.
You also visited: Sewer.

You collected 482 gold pieces.

Inventory:

Hand Weapons
 y - a +5 war axe (weapon)
 D - a +4 battleaxe
Armour
 c - a +0 pair of boots (worn)
 g - a +0 large shield (worn)
 o - a +0 plate armour (worn)
 v - a +0 helmet (worn)
Jewellery
 b - a +2 ring of strength (right hand)
 f - an uncursed amulet of faith
 h - an uncursed ring of fire
 i - an uncursed ring of protection from fire
 m - an amulet of magic regeneration (around neck)
 x - an uncursed ring of poison resistance
 A - a +3 ring of evasion (left hand)
Wands
 a - a wand of paralysis (7)
 j - a wand of enslavement (11)
 t - a wand of digging (18)
Scrolls
 d - 8 scrolls of identify
 k - a scroll of blinking
 u - 2 scrolls of remove curse
 w - a scroll of teleportation
 z - a scroll of amnesia
 B - a scroll of fear
 C - a scroll of enchant weapon
Potions
 e - a potion of might {unknown}
 l - 2 potions of flight
 n - 8 potions of curing
 q - 2 potions of haste
 r - a potion of berserk rage
 s - 2 potions of heal wounds
Comestibles
 p - 12 rations


   Skills:
 + Level 8.2 Fighting
 - Level 1.7 Axes
 - Level 5.0 Armour
 - Level 0.8 Dodging
 - Level 5.0 Shields
 - Level 11.1 Invocations
 - Level 5.9 Evocations


You had 9 spell levels left.
You didn't know any spells.
Your spell library contained the following spells:

 Spells                   Type           Power        Failure   Level  Hunger
 Magic Dart               Conj           #...         100%        1    ##.....
 Conjure Flame            Conj/Fire      #.......     100%        3    ####...
 Slow                     Hex            #.......     100%        2    ###....
 Mephitic Cloud           Conj/Pois/Air  #.......     100%        3    ####...
 Blink                    Tloc           N/A          100%        2    ###....
 Call Imp                 Summ           #.......     100%        2    ###....


Dungeon Overview and Level Annotations

Branches:
Dungeon (9/15)             Temple (0/1) D:4
   Lair: D:8-11         Orc: D:9-12

Altars:
Cheibriados
Dithmenos
Kikubaaqudgha
Nemelex Xobeh
Qazlal
Trog
Uskayaw
Wu Jian
Xom
Yredelemnul
The Shining One


Innate Abilities, Weirdness & Mutations

You have a moderately thin skeletal structure. (Dex +4, Stealth+)
Your flesh is heat resistant. (rF+)
You are immune to clouds of flame.


Message History

The sentinel's mark upon you fades away.
A komodo dragon and a troll come into view.
Evoke which item? (* to show all) (? for menu, Esc to quit)
Aiming: Paralyse
Press: ? - help, Shift-Dir - straight line, f - troll
Aim: a troll (chance to defeat MR: 63%)
The troll suddenly stops moving!
A cyclops comes into view.
Evoke which item? (* to show all) (? for menu, Esc to quit)
Aiming: Enslavement
Press: ? - help, Shift-Dir - straight line, f/p - troll
Aim: a troll (paralysed, chance to defeat MR: 63%)
The komodo dragon resists with some effort.
The komodo dragon bites you!!
Your shield and plate armour prevent you from hitting the komodo dragon.
You block the komodo dragon's attack. The komodo dragon bites you!
Unknown command.
Your plate armour prevents you from hitting the komodo dragon.
The komodo dragon bites you!!
You die...

### ########.### ..##......#####
########## #####.##.##.###...
###......... #...#.##.##.###TC
###....###....
#........##.#.#l###....###..).##
#.[.#.#####.#.#@#....###....###
.##.##.# #.#.#....###....###
.......# ###...#..###....###
..#.#..# #.....####....###
..#.#..# #.....##....###
.......# #.........### ....(..#
#.......### .......# #.........
......## ########....


You could see a cyclops, a komodo dragon and a troll (paralysed).

Vanquished Creatures
  Harold (D:9)
  Pikel (D:8)
  A spriggan (D:7)
  A hungry ghost (D:8)
  2 slaves (D:8)
  3 black bears
  A phantom (D:4)
  2 necrophages
  2 ogres
  2 centaurs
  A big kobold (Sewer)
  5 bullfrogs
  A gnoll sergeant (D:5)
  3 scorpions
  8 wights
  2 centaur zombies
  8 crimson imps
  2 hounds
  2 bullfrog zombies
  A centaur skeleton (D:6)
  An orc priest (D:4)
  9 orc wizards
  2 jellies
  Jessica (D:2)
  Natasha (D:2)
  2 iguanas
  4 worker ants
  2 hound zombies (D:5)
  3 hound skeletons
  A worker ant zombie (D:8)
  11 gnolls
  9 adders
  4 shadow imps
  An ooze (D:2)
  3 adder skeletons
  A worm (D:2)
  3 dart slugs
  9 leopard geckos
  28 orcs
  A ball python (D:5)
  8 giant cockroaches
  5 goblins
  6 hobgoblins
  6 jackals
  2 quokkas (D:2)
  5 bats
  9 frilled lizards
  2 jackal skeletons
  14 kobolds
  9 rats
  A spectral orc (D:3)
212 creatures vanquished.

Notes
Turn   | Place    | Note
-------+----------+-------------------------------------------
     0 | Abyss:1  | tyranidshit the Demonspawn Abyssal Knight began the quest for the Orb.
     0 | Abyss:1  | Reached XP level 1. HP: 18/18 MP: 2/2
    10 | Abyss:1  | Noticed a hell hound
    10 | Abyss:1  | Noticed a hell hound
    13 | Abyss:1  | Noticed a hell hound
    14 | D:1      | Escaped the Abyss
   174 | D:1      | Reached * piety under Lugonu
   232 | D:1      | Gained mutation: You have a somewhat thin skeletal structure. (Dex +2, Stealth) [demonic ancestry]
   232 | D:1      | Reached XP level 2. HP: 20/24 MP: 3/3
   576 | D:1      | Gained mutation: Your flesh is heat resistant. (rF+) [demonic ancestry]
   576 | D:1      | Reached XP level 3. HP: 19/30 MP: 4/4
   858 | D:2      | Found a snail-covered altar of Cheibriados.
  1007 | D:2      | Reached ** piety under Lugonu
  1109 | D:2      | Found a hide-covered altar of Uskayaw.
  1687 | D:2      | Gained mutation: You are immune to clouds of flame. [demonic ancestry]
  1687 | D:2      | Reached XP level 4. HP: 37/38 MP: 5/5
  1712 | D:2      | Found an ancient bone altar of Kikubaaqudgha.
  1721 | D:2      | Reached skill level 5 in Fighting
  1773 | D:2      | Noticed Jessica
  1782 | D:2      | Killed Jessica
  1812 | D:3      | Noticed Natasha
  2111 | D:3      | Found an ornate altar of the Wu Jian Council.
  2111 | D:3      | Found a sparkling altar of Nemelex Xobeh.
  2208 | D:3      | Reached XP level 5. HP: 44/46 MP: 6/6
  2246 | D:3      | Found a glowing drain.
  2274 | Sewer    | Entered a sewer
  2403 | Sewer    | Found a white marble altar of Elyvilon.
  2713 | D:3      | Found a basalt altar of Yredelemnul.
  2846 | D:3      | Found a bloodstained altar of Trog.
  3243 | D:2      | Killed Natasha
  3243 | D:2      | Reached XP level 6. HP: 37/53 MP: 7/7
  3438 | D:4      | Reached *** piety under Lugonu
  3740 | D:4      | Reached skill level 1 in Shields
  3787 | D:4      | You fall through a shaft for 2 floors!
  3888 | D:6      | Found a glowing golden altar of the Shining One.
  3905 | D:6      | Reached XP level 7. HP: 35/59 MP: 8/8
  4059 | D:6      | Found a stormy altar of Qazlal.
  4084 | D:5      | Entered Level 5 of the Dungeon
  4354 | D:5      | Reached **** piety under Lugonu
  4580 | D:5      | Reached skill level 5 in Armour
  4588 | D:5      | Found a shimmering altar of Xom.
  4691 | D:4      | Gained mutation: You have a moderately thin skeletal structure. (Dex +4, Stealth+) [demonic ancestry]
  4691 | D:4      | Reached XP level 8. HP: 28/65 MP: 9/9
  4853 | D:4      | Found a staircase to the Ecumenical Temple.
  4970 | D:4      | Reached skill level 5 in Shields
  5086 | D:4      | Reached skill level 1 in Evocations
  5275 | D:4      | Reached skill level 3 in Invocations
  5378 | D:5      | Reached skill level 4 in Invocations
  5973 | D:6      | Reached skill level 5 in Invocations
  6165 | D:6      | Reached skill level 6 in Invocations
  6184 | D:6      | Reached XP level 9. HP: 52/70 MP: 13/13
  6458 | D:7      | Reached ***** piety under Lugonu
  6526 | D:7      | Reached skill level 7 in Invocations
  6568 | D:7      | Reached skill level 5 in Evocations
  6938 | D:7      | Reached skill level 8 in Invocations
  7069 | D:7      | Reached skill level 9 in Invocations
  7362 | D:8      | Found a shadowy altar of Dithmenos.
  7494 | D:8      | Noticed Pikel
  7509 | D:8      | Killed Pikel
  7509 | D:8      | Reached skill level 11 in Invocations
  7709 | D:8      | Reached XP level 10. HP: 73/75 MP: 18/18
  8142 | D:9      | Found a glowing golden altar of the Shining One.
  8149 | D:9      | Noticed Harold
  8168 | D:9      | Killed Harold
  8222 | D:9      | Noticed a cyclops
  8225 | D:9      | Slain by a komodo dragon

Skill      XL: |  1  2  3  4  5  6  7  8  9 10 |
---------------+-------------------------------+-----
Fighting       | 4 5 6 8 |  8.2
Armour         | 2 4 5 |  5.0
Shields        | 1 4 5 |  5.0
Evocations     | 4 5 |  5.9
Invocations    | 6 11 | 11.1
Axes           | |  1.7
Dodging        | |  0.8

Action                   |  1- 3 |  4- 6 |  7- 9 | 10-12 || total
-------------------------+-------+-------+-------+-------++-------
Melee: Hand axe          |   181 |   138 |    21 |       ||   340
       Short sword       |       |   129 |   261 |       ||   390
       War axe           |       |       |   170 |    29 ||   199
Invok: Depart the Abyss  |     1 |       |       |       ||     1
Evoke: Wand              |       |     1 |     1 |     7 ||     9
  Use: Potion            |     5 |     7 |     1 |       ||    13
       Scroll            |     8 |     4 |     8 |     1 ||    21
 Stab: Sleeping          |     1 |       |       |       ||     1
       Paralysed         |       |       |     9 |    10 ||    19
  Eat: Ration            |     1 |     2 |     4 |     2 ||     9
       Chunk             |       |       |     1 |       ||     1
Armor: Ring mail         |    46 |       |       |       ||    46
       Leather armour    |     1 |       |       |       ||     1
       Chain mail        |    69 |   193 |       |       ||   262
       Plate armour      |       |    87 |   246 |     9 ||   342
       Skin              |       |       |    25 |       ||    25
Dodge: Dodged            |   114 |    99 |    35 |     2 ||   250
Block: Large shield      |       |    61 |   365 |    14 ||   440
